 Dungeon Crawl Stone Soup version 0.19.0-2-gae57169 (webtiles) character file.

300 Patchouli the Magician (level 6, -3/32 HPs)
             Began as a Deep Elf Ice Elementalist on Nov 5, 2016.
             Slain by a gnoll
             ... wielding a +0 whip of distortion
              (14 damage)
             ... on level 4 of the Dungeon.
             The game lasted 00:16:28 (2173 turns).

Patchouli the Magician (Deep Elf Ice Elementalist)  Turns: 2173, Time: 00:16:29

Health: -3/32      AC:  3    Str:  3 (5)  XL:     6   Next: 13%
Magic:  13/17      EV: 13    Int: 22      God:
Gold:   103        SH:  0    Dex: 13 (15) Spells: 4 memorised, 7 levels left

rFire  + . .     SeeInvis .     f - +0 spear
rCold  + . .     Gourm    .     a - +1 robe
rNeg   . . .     Faith    .     (no shield)
rPois  .         Spirit   .     (no helmet)
rElec  .         Reflect  .     (no cloak)
rCorr  .         Harm     .     (no gloves)
MR     .....                    (no boots)
Stlth  ++........               (no amulet)
                                (no ring)
                                t - ring of protection from fire

@: slightlycontaminated
A: talons 2, cold resistance 1
a: no special abilities


You were on level 4 of the Dungeon.
You were not hungry.

You visited 1 branch of the dungeon, and saw 5 of its levels.
You also visited: Ossuary.

You collected 103 gold pieces.

Inventory:

Hand Weapons
 f - a +0 spear (weapon)
 h - a +4 flail of protection
 n - a +2 short sword of speed
Armour
 a - a +1 robe (worn)
 i - a +3 ring mail
Jewellery
 t - a ring of protection from fire (left hand)
Wands
 r - a wand of digging (24/24)
Scrolls
 g - 3 scrolls of noise
 m - a scroll of immolation
 o - 2 scrolls of identify {unknown}
 p - a scroll of enchant weapon {unknown}
 w - a scroll of amnesia {unknown}
 x - a scroll of remove curse {unknown}
 y - 2 scrolls of random uselessness
Potions
 d - a potion of curing
 s - 7 potions of degeneration
Books
 b - a book of Frost

   Spells                             Type                      Level
   a - Freeze                         Ice                          1
   b - Throw Frost                    Conjuration/Ice              2
   c - Ozocubu's Armour               Charms/Ice                   3
   d - Throw Icicle                   Conjuration/Ice              4
   e - Summon Ice Beast               Ice/Summoning                4
 j - a book of Air

   Spells                             Type                      Level
   a - Shock                          Conjuration/Air              1
   b - Swiftness                      Charms/Air                   2
   c - Repel Missiles                 Charms/Air                   2
   d - Static Discharge               Conjuration/Air              3
   e - Lightning Bolt                 Conjuration/Air              5
Comestibles
 c - 2 bread rations
 k - a meat ration
 q - 4 chunks of flesh


   Skills:
 + Level 0.2 Fighting
 + Level 2.7 Dodging
 - Level 2.4 Stealth
 * Level 6.1 Spellcasting
 - Level 1.1 Conjurations
 * Level 2.4 Summonings
 * Level 5.2 Ice Magic


You had 7 spell levels left.
You knew the following spells:

 Your Spells              Type           Power        Failure   Level  Hunger
a - Freeze                Ice            ####         1%          1    None
b - Throw Frost           Conj/Ice       ###...       4%          2    None
i - Summon Ice Beast      Ice/Summ       ###.....     21%         4    ###....
q - Ozocubu's Armour      Chrm/Ice       ###.....     12%         3    #......


Dungeon Overview and Level Annotations

Branches:
Dungeon (5/15)
 Temple: D:4-7

Altars:

Annotations:
D:3 Natasha
D:5 AAAAA's ghost, novice OpWr


Innate Abilities, Weirdness & Mutations

You have razor-sharp toenails.
Your flesh is cold resistant. (rC+)


Message History

Okay, then.
As you read the scroll of teleportation, it crumbles to dust.
You feel strangely unstable. The white imp gestures at you.
The puff of frost hits you! You resist.
Okay, then.
As you read the scroll labeled AZE OR KEU, it crumbles to dust.
You assume a fearsome visage.
The white imp is unaffected.
The phantom is unaffected.
It was a scroll of fear.
The phantom blinks!
The white imp misses you.
As you read the scroll labeled GUECAW XE POAN, it crumbles to dust.
The creatures around you are filled with an inner flame!
It was a scroll of immolation.
Your surroundings suddenly seem different.
Magic courses through your body.
Casting: Summon Ice Beast
Confirm with . or Enter, or press ? or * to list all spells.
A chill wind blows around you. The gnoll hits you but does no damage.
Space warps horribly around you!
You die...

#...#.....##.#.###*,...#,* *,
#...#........#§# *,,..#,* *,
#...#......#*#.# *,,,.#,* *,
#...#......# #Y# ****,#,* *,
#...#......# #.# *,*,* **
##...#......###.###****,*,*
#.............#.#..,,,,,*,*
#.......#####.#.#.######*,*
#...........#@#.#.##...,,,*
#...(.......#g#.#.##.#########
#.§........(..Y.Y..Y........).
#.................##.##.######
#.5W.......#########.##<######
##########.# #.#........ #.#
#.......... ***** #.#
###........ *,,,* ###
#........


You could see a gnoll and a friendly ice beast.

Vanquished Creatures
  An orc wizard (D:3)
  Terence (D:3)
  A worker ant (D:4)
  An adder (D:3)
  A dart slug (D:4)
  2 worms
  4 orcs (D:3)
  A ball python (D:3)
  5 bats
  3 giant cockroaches
  5 goblins
  3 hobgoblins
  8 jackals
  3 frilled lizards
  6 kobolds
  5 rats
50 creatures vanquished.

Vanquished Creatures (collateral kills)
  Edmund (D:4)
  A howler monkey (D:4)
  A crimson imp (D:4)
  A worker ant (D:4)
  A hound skeleton (D:5)
  3 mummies (Ossuary)
  3 gnolls (D:4)
  An adder (D:4)
  A jackal zombie (D:5)
13 creatures vanquished.

Grand Total: 63 creatures vanquished

Notes
Turn   | Place    | Note
-------+----------+-------------------------------------------
     0 | D:1      | Patchouli the Deep Elf Ice Elementalist began the quest for the Orb.
     0 | D:1      | Reached XP level 1. HP: 10/10 MP: 6/6
   162 | D:1      | Reached XP level 2. HP: 15/15 MP: 4/8
   172 | D:1      | Learned a level 2 spell: Throw Frost
   378 | D:1      | Reached skill level 4 in Spellcasting
   587 | D:1      | Reached XP level 3. HP: 19/19 MP: 8/10
   592 | D:1      | Learned a level 3 spell: Ozocubu's Armour
   681 | D:3      | Found a faded altar of an unknown god.
   693 | D:3      | Noticed Terence
   727 | D:3      | Killed Terence
   727 | D:3      | Reached skill level 5 in Spellcasting
   727 | D:3      | Reached XP level 4. HP: 19/24 MP: 2/13
  1078 | D:4      | Learned a level 4 spell: Summon Ice Beast
  1128 | D:4      | Reached XP level 5. HP: 25/28 MP: 5/15
  1159 | D:5      | Entered Level 5 of the Dungeon
  1220 | D:5      | Noticed AAAAA's ghost (novice OpWr)
  1261 | D:4      | Reached skill level 1 in Summonings
  1294 | D:3      | Noticed Natasha
  1413 | D:4      | Noticed Edmund
  1452 | D:4      | Noticed a slave
  1533 | D:4      | Noticed a phantom
  1622 | D:4      | Found a sand-covered staircase.
  1628 | Ossuary  | Entered an ossuary
  1923 | Ossuary  | Reached skill level 5 in Ice Magic
  2045 | D:4      | Gained mutation: You have sharp toenails. [potion of mutation]
  2045 | D:4      | Gained mutation: You have razor-sharp toenails. [potion of mutation]
  2045 | D:4      | Gained mutation: Your flesh is cold resistant. (rC+) [potion of mutation]
  2076 | D:4      | Killed Edmund
  2076 | D:4      | Reached skill level 6 in Spellcasting
  2076 | D:4      | Reached XP level 6. HP: 11/32 MP: 6/17
  2173 | D:4      | Slain by a gnoll

Skill      XL: |  1  2  3  4  5 |
---------------+----------------+-----
Spellcasting   | 4 5 6 |  6.1
Ice Magic      | 4 5 |  5.2
Summonings     | 2 |  2.4
Fighting       | |  0.2
Dodging        | |  2.7
Stealth        | |  2.4
Conjurations   | |  1.1

Action                   |  1- 3 |  4- 6 || total
-------------------------+-------+-------++-------
Melee: Spear             |    10 |    13 ||    23
 Cast: Freeze            |    48 |    38 ||    86
       Ozocubu's Armour  |     1 |     5 ||     6
       Throw Frost       |     1 |     2 ||     3
       Summon Ice Beast  |       |    23 ||    23
  Use: Scroll            |       |    10 ||    10
       Potion            |       |    12 ||    12
 Stab: Sleeping          |     1 |     4 ||     5
  Eat: Chunk             |       |     2 ||     2
       Fruit             |       |     3 ||     3
       Meat ration       |       |     1 ||     1
       Beef jerky        |       |     1 ||     1
Armor: Robe              |     1 |    14 ||    15
Dodge: Dodged            |    29 |    58 ||    87
